PCL
GRESHAM GOLD SOULS @ MEXICO CITY CERVECEROS
09/23/2029
 
TOP OF THE 1ST
Gresham Gold Souls batting - Pitching for Mexico City Cerveceros : RHP José Deleón
Pitching: RHP José Deleón
Batting: LHB Alberto Varela 0-0: Swinging Strike
0-1: Foul Ball, location: 2F
0-2: Ball
1-2: Ball
2-2: Fly out, F9 (Line Drive, 9)
Batting: LHB Bill Smith 0-0: Ball
1-0: Called Strike
1-1: Foul Ball, location: 2F
1-2: Fly out, F8 (Flyball, 8LD)
Batting: RHB Norm Francis 0-0: Called Strike
0-1: Ball
1-1: Ball
2-1: SINGLE (Groundball, 56S) (infield hit)
Batting: RHB Mario Beltrán 0-0: Ball
1-0: Called Strike
1-1: Ball
2-1: 2-RUN HOME RUN (Flyball, 9LD), Distance : 315 ft
Batting: SHB Todd Smith 0-0: Called Strike
0-1: Ground out U3 (Groundball, 3)
Top of the 1st over - 2 runs, 2 hits, 0 errors, 0 left on base; Gresham 2 - Mexico City 0
BOTTOM OF THE 1ST
Mexico City Cerveceros batting - Pitching for Gresham Gold Souls : RHP Ron Moore
Pitching: RHP Ron Moore
Batting: RHB John Dinkins 0-0: Ball
1-0: Swinging Strike
1-1: Swinging Strike
1-2: Fly out, F9 (Flyball, 9D)
Batting: RHB Lee Price 0-0: Called Strike
0-1: Ball
1-1: SINGLE (Groundball, 56D)
Batting: LHB Arturo Rodledo 0-0: Called Strike
0-1: Ball
1-1: Ball
Passed Ball!
Lee Price to second
2-1: Swinging Strike
2-2: Foul Ball, location: 2F
2-2: Ball
3-2: Base on Balls
Batting: LHB Juan Torres 0-0: Grounds into double play, 5-4-3 (Groundball, 5)
Bottom of the 1st over - 0 runs, 1 hit, 0 errors, 1 left on base; Gresham 2 - Mexico City 0
TOP OF THE 2ND
Gresham Gold Souls batting - Pitching for Mexico City Cerveceros : RHP José Deleón
Batting: LHB Joel Nelson 0-0: Ball
1-0: Foul Ball, location: 2F
1-1: Foul Ball, location: 2F
1-2: Strikes out swinging
Batting: LHB Nick Scott 0-0: Ball
1-0: Foul Ball, location: 2F
1-1: Foul Ball, location: 2F
1-2: Ball
2-2: SINGLE (Flyball, 8LS)
Batting: LHB Jeff Douglas 0-0: Called Strike
0-1: Foul Ball, location: 2F
0-2: Ball
1-2: Foul Ball, location: 2F
1-2: Ball
2-2: Foul Ball, location: 2F
2-2: Ball
3-2: Fly out, F4 (Popup, 4)
Batting: RHB Willie Houk 0-0: Called Strike
0-1: Ball
1-1: Foul Ball, location: 2F
1-2: Ball
2-2: SINGLE (Line Drive, 8LS)
Nick Scott to second
Runner from 2nd tries for 3rd, SAFE, no throw
Batting: LHB Alberto Varela 0-0: Called Strike
0-1: Ball
1-1: Ball
2-1: SINGLE (Line Drive, 3L)
Nick Scott scores
Willie Houk to second
Batting: LHB Bill Smith 0-0: Ground out 1-3 (Groundball, 13S)
Top of the 2nd over - 1 run, 3 hits, 0 errors, 2 left on base; Gresham 3 - Mexico City 0
BOTTOM OF THE 2ND
Mexico City Cerveceros batting - Pitching for Gresham Gold Souls : RHP Ron Moore
Batting: SHB Tex White 0-0: Swinging Strike
0-1: Foul Ball, location: 2F
0-2: Ground out 4-3 (Groundball, 4)
Batting: SHB Scott Compton 0-0: Foul Ball, location: 2F
0-1: Ball
1-1: SINGLE (Groundball, 3D)
Batting: RHB Tim Adkins 0-0: Ball
1-0: Ball
2-0: Ball
3-0: Base on Balls
Scott Compton to second
Batting: RHB Soetsu Kaneko 0-0: Foul Ball, location: 2F
0-1: Ball
1-1: Grounds into double play, 1-6-3 (Groundball, 13)
Bottom of the 2nd over - 0 runs, 1 hit, 0 errors, 1 left on base; Gresham 3 - Mexico City 0
TOP OF THE 3RD
Gresham Gold Souls batting - Pitching for Mexico City Cerveceros : RHP José Deleón
Batting: RHB Norm Francis 0-0: Ball
1-0: Ball
2-0: Ball
3-0: Base on Balls
Batting: RHB Mario Beltrán 0-0: Swinging Strike
0-1: Called Strike
0-2: Foul Ball, location: 2F
0-2: Ball
1-2: Strikes out looking
Batting: SHB Todd Smith 0-0: Ball
1-0: SINGLE (Groundball, 4MD)
Norm Francis to second
Batting: LHB Joel Nelson 0-0: Called Strike
Norm Francis steals 3rd base
Todd Smith to second
0-1: SINGLE (Line Drive, 8RS)
Norm Francis scores
Todd Smith to third
Runner from 3rd tries for Home, SAFE, no throw
Pitching: RHP Tex Perkins
Batting: LHB Nick Scott 0-0: Ball
1-0: Ball
2-0: Called Strike
2-1: Ball
3-1: Base on Balls
Joel Nelson to second
Batting: LHB Jeff Douglas 0-0: Called Strike
0-1: Ball
1-1: Called Strike
1-2: Foul Ball, location: 2F
1-2: Ball
2-2: Foul Ball, location: 2F
2-2: Ground out U3 (Groundball, 34S)
Joel Nelson to third
Nick Scott to second
Batting: RHB Willie Houk 0-0: Called Strike
0-1: Ball
1-1: Swinging Strike
1-2: Foul Ball, location: 2F
1-2: Ball
2-2: Strikes out swinging
Top of the 3rd over - 2 runs, 2 hits, 0 errors, 2 left on base; Gresham 5 - Mexico City 0
BOTTOM OF THE 3RD
Mexico City Cerveceros batting - Pitching for Gresham Gold Souls : RHP Ron Moore
Batting: RHB Collin Smith 0-0: Ball
1-0: Foul Ball, location: 2F
1-1: SINGLE (Groundball, 34D)
Batting: RHB John Dinkins 0-0: Called Strike
0-1: SINGLE (Groundball, 56D)
Collin Smith to second
Batting: RHB Lee Price 0-0: Called Strike
0-1: Called Strike
0-2: Foul Ball, location: 2F
0-2: Foul Ball, location: 2F
0-2: Grounds into double play, 6-4-3 (Groundball, 6)
Collin Smith to third
Batting: LHB Arturo Rodledo 0-0: Called Strike
0-1: Swinging Strike
0-2: Strikes out swinging
Bottom of the 3rd over - 0 runs, 2 hits, 0 errors, 1 left on base; Gresham 5 - Mexico City 0
TOP OF THE 4TH
Gresham Gold Souls batting - Pitching for Mexico City Cerveceros : RHP Tex Perkins
Batting: LHB Alberto Varela 0-0: Ball
1-0: Ball
2-0: Ball
3-0: Called Strike
3-1: Foul Ball, location: 2F
3-2: SINGLE (Flyball, 9LS)
Batting: LHB Bill Smith 0-0: Ball
1-0: Ball
2-0: Called Strike
2-1: Swinging Strike
2-2: SINGLE (Flyball, 8RS)
Alberto Varela to second
Batting: RHB Norm Francis 0-0: Ball
1-0: Ball
2-0: Called Strike
2-1: Ball
3-1: Base on Balls
Alberto Varela to third
Bill Smith to second
Batting: RHB Mario Beltrán 0-0: Called Strike
0-1: Swinging Strike
0-2: Strikes out swinging
Batting: SHB Todd Smith 0-0: Ball
1-0: Foul Ball, location: 2F
1-1: SINGLE (Flyball, 78M)
Alberto Varela scores
Bill Smith to third
Norm Francis to second
Batting: LHB Joel Nelson 0-0: Foul Ball, location: 2F
0-1: Foul Ball, location: 2F
0-2: Ball
1-2: Ball
Wild Pitch!
Bill Smith scores
Norm Francis to third
Todd Smith to second
2-2: Ball
Wild Pitch!
Norm Francis scores
Todd Smith to third
3-2: Strikes out swinging
Batting: LHB Nick Scott 0-0: Ball
1-0: Called Strike
1-1: Ground out U3 (Groundball, 3)
Top of the 4th over - 3 runs, 3 hits, 0 errors, 1 left on base; Gresham 8 - Mexico City 0
BOTTOM OF THE 4TH
Mexico City Cerveceros batting - Pitching for Gresham Gold Souls : RHP Ron Moore
Batting: LHB Juan Torres 0-0: Ball
1-0: Fly out, F7 (Flyball, 7LS)
Batting: SHB Tex White 0-0: Foul Ball, location: 2F
0-1: Ball
1-1: Ball
2-1: Foul Ball, location: 2F
2-2: Fly out, F7 (Line Drive, 7S)
Batting: SHB Scott Compton 0-0: Called Strike
0-1: Foul Ball, location: 2F
0-2: Ball
1-2: SOLO HOME RUN (Flyball, 89XD), Distance : 409 ft
Batting: RHB Tim Adkins 0-0: Called Strike
0-1: Ball
1-1: SOLO HOME RUN (Flyball, 7D), Distance : 367 ft
Batting: RHB Soetsu Kaneko 0-0: Called Strike
0-1: Ball
1-1: Fly out, F6 (Popup, P)
Bottom of the 4th over - 2 runs, 2 hits, 0 errors, 0 left on base; Gresham 8 - Mexico City 2
TOP OF THE 5TH
Gresham Gold Souls batting - Pitching for Mexico City Cerveceros : RHP Tex Perkins
Batting: LHB Jeff Douglas 0-0: Ball
1-0: Swinging Strike
1-1: Swinging Strike
1-2: Strikes out swinging
Batting: RHB Willie Houk 0-0: Called Strike
0-1: SOLO HOME RUN (Flyball, 7D), Distance : 340 ft
Batting: LHB Alberto Varela 0-0: Called Strike
0-1: Ball
1-1: Foul Ball, location: 2F
1-2: Ground out 4-3 (Groundball, 4)
Batting: LHB Bill Smith 0-0: Ball
1-0: Ball
2-0: Called Strike
2-1: Ball
3-1: Base on Balls
Batting: RHB Norm Francis 0-0: Foul Ball, location: 2F
0-1: SINGLE (Line Drive, 7S)
Bill Smith to second
Batting: RHB Mario Beltrán 0-0: Ball
1-0: Ground out 4-3 (Groundball, 4S)
Top of the 5th over - 1 run, 2 hits, 0 errors, 2 left on base; Gresham 9 - Mexico City 2
BOTTOM OF THE 5TH
Mexico City Cerveceros batting - Pitching for Gresham Gold Souls : RHP Ron Moore
Batting: RHB Collin Smith 0-0: Foul Ball, location: 2F
0-1: Ground out 6-3 (Groundball, 6)
Batting: RHB John Dinkins 0-0: Swinging Strike
0-1: Called Strike
0-2: Ground out 6-3 (Groundball, 6M)
Batting: RHB Lee Price 0-0: Ball
1-0: Swinging Strike
1-1: Foul Ball, location: 2F
1-2: Ball
2-2: Ball
3-2: Ground out 6-3 (Groundball, 6)
Bottom of the 5th over - 0 runs, 0 hits, 0 errors, 0 left on base; Gresham 9 - Mexico City 2
TOP OF THE 6TH
Gresham Gold Souls batting - Pitching for Mexico City Cerveceros : RHP Tex Perkins
Pitching: RHP David Sheppard
Batting: SHB Todd Smith 0-0: Ball
1-0: Called Strike
1-1: Called Strike
1-2: Foul Ball, location: 2F
1-2: Foul Ball, location: 2F
1-2: Ball
2-2: SINGLE (Groundball, 4MD)
Batting: LHB Joel Nelson 0-0: Foul Ball, location: 2F
0-1: Ball
1-1: SINGLE (Groundball, 34D)
Todd Smith to second
Runner from 2nd tries for 3rd, SAFE, throw made to third
Batting: LHB Nick Scott 0-0: Ball
Joel Nelson steals 2nd base
1-0: Ball
2-0: Foul Ball, location: 2F
2-1: Ball
3-1: Base on Balls
Batting: LHB Jeff Douglas 0-0: Called Strike
0-1: Hit by Pitch
Todd Smith scores
Joel Nelson to third
Nick Scott to second
Batting: RHB Willie Houk 0-0: Foul Ball, location: 2F
0-1: GRAND SLAM HOME RUN (Flyball, 9LD), Distance : 341 ft
Batting: LHB Alberto Varela 0-0: Ball
1-0: Called Strike
1-1: Ball
2-1: Foul Ball, location: 2F
2-2: SOLO HOME RUN (Flyball, 9LD), Distance : 316 ft
Batting: LHB Bill Smith 0-0: Ball
1-0: Called Strike
1-1: Ground out 4-3 (Groundball, 4)
Batting: RHB Norm Francis 0-0: Foul Ball, location: 2F
0-1: Ball
1-1: SINGLE (Line Drive, 7S)
Batting: RHB Mario Beltrán 0-0: Ball
1-0: Called Strike
Norm Francis is caught stealing 2nd base
1-1: Called Strike
1-2: Ball
2-2: Foul Ball, location: 2F
2-2: Fly out, F9 (Line Drive, 9)
Top of the 6th over - 6 runs, 5 hits, 0 errors, 0 left on base; Gresham 15 - Mexico City 2
BOTTOM OF THE 6TH
Mexico City Cerveceros batting - Pitching for Gresham Gold Souls : RHP Ron Moore
Batting: LHB Arturo Rodledo 0-0: Ball
1-0: Called Strike
1-1: Fly out, F7 (Flyball, 78S)
Batting: LHB Juan Torres 0-0: Called Strike
0-1: Ball
1-1: Fly out, F5 (Popup, 5SF)
Batting: SHB Tex White 0-0: Ball
1-0: Ball
2-0: Fly out, F8 (Flyball, 89M)
Bottom of the 6th over - 0 runs, 0 hits, 0 errors, 0 left on base; Gresham 15 - Mexico City 2
TOP OF THE 7TH
Gresham Gold Souls batting - Pitching for Mexico City Cerveceros : RHP David Sheppard
Batting: SHB Todd Smith 0-0: Called Strike
0-1: Ground out U3 (Groundball, 3)
Batting: LHB Joel Nelson 0-0: Called Strike
0-1: SINGLE (Groundball, 6MD)
Batting: LHB Nick Scott 0-0: Ball
1-0: Ball
2-0: Ball
3-0: Called Strike
3-1: Base on Balls
Joel Nelson to second
Batting: LHB Jeff Douglas 0-0: Ball
Joel Nelson steals 3rd base
1-0: Ball
2-0: Called Strike
2-1: Ball
3-1: Called Strike
3-2: Fly out, F9 (Flyball, 9LD)
Runner from 3rd tags up, SCORES, no throw
Batting: RHB Willie Houk 0-0: Ball
Nick Scott steals 2nd base
1-0: Fly out, F9 (Flyball, 89M)
Top of the 7th over - 1 run, 1 hit, 0 errors, 1 left on base; Gresham 16 - Mexico City 2
BOTTOM OF THE 7TH
Mexico City Cerveceros batting - Pitching for Gresham Gold Souls : RHP Ron Moore
Batting: SHB Scott Compton 0-0: Called Strike
0-1: Ground out 3-1 (Groundball, 34)
Batting: RHB Tim Adkins 0-0: Called Strike
0-1: Ball
1-1: Ball
2-1: Foul Ball, location: 2F
2-2: Foul Ball, location: 2F
2-2: Strikes out looking
Batting: RHB Soetsu Kaneko 0-0: Ball
1-0: Ball
2-0: Ground out 5-3 (Groundball, 56S)
Bottom of the 7th over - 0 runs, 0 hits, 0 errors, 0 left on base; Gresham 16 - Mexico City 2
TOP OF THE 8TH
Gresham Gold Souls batting - Pitching for Mexico City Cerveceros : RHP David Sheppard
Batting: LHB Alberto Varela 0-0: Called Strike
0-1: Ball
1-1: Foul Ball, location: 2F
1-2: Fly out, F2 (Popup, 25F)
Batting: LHB Bill Smith 0-0: Ball
1-0: Foul Ball, location: 2F
1-1: SINGLE (Line Drive, 3D)
Batting: RHB Norm Francis 0-0: Ball
Bill Smith steals 2nd base
1-0: Foul Ball, location: 2F
1-1: SINGLE (Groundball, 25) (infield hit)
Bill Smith to third
Batting: RHB Mario Beltrán 0-0: Ball
1-0: Foul Ball, location: 2F
1-1: Foul Ball, location: 2F
1-2: 3-RUN HOME RUN (Line Drive, 7D), Distance : 359 ft
Batting: SHB Todd Smith 0-0: Called Strike
0-1: Swinging Strike
0-2: Ball
1-2: Fly out, F5 (Popup, 56S)
Batting: LHB Joel Nelson 0-0: Ball
1-0: Ball
2-0: Called Strike
2-1: Reached on error, E5 (Groundball, 56)
Batting: LHB Nick Scott 0-0: Called Strike
Joel Nelson steals 2nd base
0-1: Foul Ball, location: 2F
0-2: DOUBLE (Flyball, 78D)
Joel Nelson scores
Batting: LHB Jeff Douglas 0-0: Called Strike
0-1: Swinging Strike
0-2: Foul Ball, location: 2F
0-2: Ball
1-2: Strikes out swinging
Top of the 8th over - 4 runs, 4 hits, 1 error, 1 left on base; Gresham 20 - Mexico City 2
BOTTOM OF THE 8TH
Mexico City Cerveceros batting - Pitching for Gresham Gold Souls : RHP Ron Moore
Pitching: RHP Bob Bartell
Now at 1B: Gabriel Miranda
Batting: RHB Collin Smith 0-0: Ground out U3 (Groundball, 23)
Batting: RHB John Dinkins 0-0: Ball
1-0: Ball
2-0: Ball
3-0: Called Strike
3-1: Base on Balls
Batting: RHB Lee Price 0-0: Ball
1-0: Foul Ball, location: 2F
1-1: Foul Ball, location: 2F
1-2: Ball
Wild Pitch!
John Dinkins to second
2-2: Ball
Wild Pitch!
John Dinkins to third
3-2: SINGLE (Line Drive, 78S)
John Dinkins scores
Batting: LHB Arturo Rodledo 0-0: Foul Ball, location: 2F
0-1: SINGLE (Line Drive, 6MD)
Lee Price to second
Batting: LHB Juan Torres 0-0: Ball
1-0: Ball
2-0: Ball
3-0: Base on Balls
Lee Price to third
Arturo Rodledo to second
Batting: SHB Tex White 0-0: Called Strike
0-1: Ball
1-1: Ball
2-1: Grounds into double play, 5-4-3 (Groundball, 5)
Bottom of the 8th over - 1 run, 2 hits, 0 errors, 2 left on base; Gresham 20 - Mexico City 3
TOP OF THE 9TH
Gresham Gold Souls batting - Pitching for Mexico City Cerveceros : RHP David Sheppard
Batting: RHB Willie Houk 0-0: Ball
1-0: Called Strike
1-1: Ball
2-1: Foul Ball, location: 2F
2-2: Ball
3-2: Foul Ball, location: 2F
3-2: Fly out, F7 (Flyball, 7LD)
Batting: LHB Alberto Varela 0-0: Called Strike
0-1: Ball
1-1: Ball
2-1: Foul Ball, location: 2F
2-2: SINGLE (Groundball, 6S) (infield hit)
Batting: LHB Bill Smith 0-0: Called Strike
0-1: Called Strike
0-2: Ball
1-2: Ball
Alberto Varela steals 2nd base
2-2: Ball
3-2: Foul Ball, location: 2F
3-2: DOUBLE (Line Drive, 78XD)
Alberto Varela scores
Batting: RHB Norm Francis 0-0: Called Strike
0-1: Ball
1-1: Foul Ball, location: 2F
1-2: Ball
2-2: SINGLE (Flyball, 9LM)
Bill Smith to third
Runner from 3rd tries for Home, SAFE, no throw
Batting: RHB Mario Beltrán 0-0: Ball
Norm Francis steals 2nd base
1-0: Ball
2-0: Ball
3-0: Base on Balls
Batting: RHB Gabriel Miranda 0-0: Called Strike
Balk!
Norm Francis to third
Mario Beltrán to second
0-1: Ball
1-1: Ground out 5-3 (Groundball, 56)
Norm Francis scores
Batting: LHB Joel Nelson 0-0: Called Strike
0-1: Fly out, F9 (Flyball, 9S)
Top of the 9th over - 3 runs, 3 hits, 0 errors, 1 left on base; Gresham 23 - Mexico City 3
BOTTOM OF THE 9TH
Mexico City Cerveceros batting - Pitching for Gresham Gold Souls : RHP Bob Bartell
Now at C: Alberto Chávez
Now in CF: Gustavo Pagán
Batting: SHB Scott Compton 0-0: Ball
1-0: Ball
2-0: Ground out U3 (Groundball, 34S)
Batting: RHB Tim Adkins 0-0: Ball
1-0: Called Strike
1-1: Ball
2-1: Ground out 4-3 (Groundball, 4)
Batting: RHB Soetsu Kaneko 0-0: Called Strike
0-1: Ball
1-1: Swinging Strike
1-2: Foul Ball, location: 2F
1-2: Ball
2-2: Ball
3-2: Strikes out swinging
Bottom of the 9th over - 0 runs, 0 hits, 0 errors, 0 left on base; Gresham 23 - Mexico City 3
Saturday, December 16th, 2017 - OOTP Baseball 18.8 Build 76